 Dungeon Sprint DCSS version 0.16-a0-3781-g2316936 (console) character file.

8900 Monkaria the Fencer (level 11, -31/112 HPs)
             Began as a Hill Orc Fighter on Jan 25, 2015.
             Was a High Priest of Makhleb.
             Blown up by a cacodemon (35 damage)
             ... with a bolt of energy
             ... summoned by the player character
             ... in the Dungeon (Sprint IX: "|||||||||||||||||||||||||||||").
             The game lasted 00:05:27 (1101 turns).

Monkaria the Fencer (Hill Orc Fighter)              Turns: 1101, Time: 00:05:27

Health: -31/112    AC: 14    Str: 23    XL:     11   Next: 38%
Magic:  27/27      EV:  9    Int:  8    God:    Makhleb [*****.]
Gold:   0          SH: 12    Dex: 10    Spells: 0 memorised, 10 levels left

rFire  . . .     SeeInvis .     r - +2 scimitar (flame)
rCold  . . .     Clarity  .     o - +2 ring mail
rNeg   . . .     SustAb   .     c - +0 shield
rPois  .         Gourm    .     (no helmet)
rElec  .         Spirit   .     (no cloak)
rCorr  .         Warding  .     (no gloves)
rMut   .         NoTele   +     n - +0 pair of boots
MR     .....                    u - amulet of regeneration
Stlth  ..........               q - +2 ring of protection
                                p - +2 ring of protection

@: very slightly contaminated, not resistant to hostile enchantments, extremely
unstealthy
A: no striking features
a: Minor Destruction, Lesser Servant of Makhleb, Major Destruction, Greater
Servant of Makhleb, Renounce Religion


You were in the Dungeon.
You worshipped Makhleb.
Makhleb was extremely pleased with you.
You were very hungry.

You visited 1 branch

Inventory:

Hand weapons
 r - a +2 scimitar of flaming (weapon)
Missiles
 t - 9 poisoned needles
Armour
 c - a +0 shield (worn)
 n - a +0 pair of boots (worn)
 o - a +2 ring mail (worn)
Jewellery
 p - a +2 ring of protection (left hand)
 q - a +2 ring of protection (right hand)
 u - an amulet of regeneration (around neck)
Magical devices
 m - a wand of cold (6)
Scrolls
 h - 3 scrolls of remove curse
 k - 2 scrolls of blinking
 l - 2 scrolls of amnesia
 v - 2 scrolls of recharging
 w - 2 scrolls of fear
Potions
 a - a potion of restore abilities
 b - a potion of agility
 e - a potion of invisibility
 f - 6 potions of curing
 g - 3 potions of heal wounds
 i - 4 potions of magic
 j - a potion of berserk rage
 s - a potion of cure mutation
Comestibles
 d - a meat ration
 x - a chunk of flesh


   Skills:
 + Level 15.3 Fighting
 + Level 18.7 Long Blades
 - Level 10.0 Armour
 - Level 10.6 Shields
 - Level 12.5 Invocations


You had 10 spell levels left.
You didn't know any spells.

Dungeon Overview and Level Annotations

Branches:
Dungeon (1/1)

Altars:
Cheibriados
Dithmenos
Elyvilon
Fedhas
Gozag
Kikubaaqudgha
Makhleb
Nemelex Xobeh
Okawaru
Qazlal
Ru
Sif Muna
Trog
Vehumet
Xom
Yredelemnul
Zin
The Shining One
Beogh
Jiyva
Lugonu


Message History

t - Shout!
Orders for allies: a - Attack new target. r - Retreat! s - Stop attacking. w - Wait here. f - Follow me.
Anything else - Stay silent.
Gang up on whom?
Press: ? - help, Dir - move target cursor, f - cacodemon
Aim: a cacodemon (summoned) Attack!
Your Executioner hits the cacodemon!!
Your Executioner hits the cacodemon but does no damage.
Your Executioner hits the cacodemon. Your Executioner hits the cacodemon!
Your Executioner hits the cacodemon but does no damage. x2
Your Executioner misses the cacodemon.
Your Executioner closely misses the cacodemon.
Your Executioner hits the cacodemon but does no damage.
The cacodemon gestures at you.
The bolt of energy hits your Executioner.
Your Executioner is blown up!
The bolt of energy hits you!
You die...

▓[▓.▓.▓
▓!▓.▓.▓
▓[▓.▓)▓
▓.▓.▓'▓
▓.▓.▓[▓
▓.▓.▓.▓
▓.▓.▓.▓
▓.▓.▓[▓
▓@▓.▓.▓
▓.▓.▓)▓
▓†▓.▓|▓
▓†▓.▓.▓
▓2▓.▓.▓
▓†▓.▓'▓
▓.▓.▓_▓
▓.▓.▓_▓
▓.▓.▓_▓


You could see a cacodemon.

Vanquished Creatures
  A hydra (D)
  A centaur warrior (D)
  A death yak (D)
  A catoblepas (D)
  An unseen horror (D)
  A hill giant (D)
  A manticore (D)
  A griffon (D)
  2 spiny frogs (D)
  2 komodo dragons (D)
  A slime creature (D)
  2 wraiths (D)
  2 yaks (D)
  2 wolves (D)
  A porcupine (D)
  2 water moccasins (D)
  2 ice beasts (D)
  3 crocodiles (D)
  An ogre (D)
  A giant frog (D)
  A scorpion (D)
  An iguana (D)
  2 giant cockroaches (D)
  A goblin (D)
  A hobgoblin (D)
  A jackal (D)
  2 kobolds (D)
  2 quokka skeletons (D)
  A quokka zombie (D)
  A rat (D)
42 creatures vanquished.

Vanquished Creatures (collateral kills)
  6 death yaks (D)
6 creatures vanquished.

Vanquished Creatures (others)
  An Executioner (D)
  A blizzard demon (D)
  2 fungi (D)
4 creatures vanquished.

Grand Total: 52 creatures vanquished

Notes
Turn   | Place    | Note
--------------------------------------------------------------
     0 | D        | Monkaria, the Hill Orc Fighter, began the quest for the Orb.
     0 | D        | Reached XP level 1. HP: 19/19 MP: 1/1
    13 | D        | Reached skill level 4 in Fighting
    33 | D        | Noticed an ice beast
    36 | D        | Reached XP level 2. HP: 15/28 MP: 2/2
    58 | D        | Killed an ice beast
    58 | D        | Reached skill level 6 in Fighting
    58 | D        | Reached skill level 8 in Long Blades
    58 | D        | Reached XP level 3. HP: 18/38 MP: 3/3
    58 | D        | Reached XP level 4. HP: 21/45 MP: 4/4
    70 | D        | Found a glowing silver altar of Zin.
    70 | D        | Found a glowing golden altar of the Shining One.
    70 | D        | Found an ancient bone altar of Kikubaaqudgha.
    70 | D        | Found a basalt altar of Yredelemnul.
    70 | D        | Found a shimmering altar of Xom.
    70 | D        | Found a radiant altar of Vehumet.
    70 | D        | Found an iron altar of Okawaru.
    71 | D        | Found a burning altar of Makhleb.
    72 | D        | Found a deep blue altar of Sif Muna.
    73 | D        | Found a bloodstained altar of Trog.
    74 | D        | Found a sparkling altar of Nemelex Xobeh.
    75 | D        | Found a white marble altar of Elyvilon.
    76 | D        | Found a roughly hewn altar of Beogh.
    77 | D        | Found a viscous altar of Jiyva.
    78 | D        | Found a corrupted altar of Lugonu.
    79 | D        | Found a blossoming altar of Fedhas.
    80 | D        | Found a snail-covered altar of Cheibriados.
    82 | D        | Became a worshipper of Makhleb the Destroyer
    84 | D        | Found a shadowy altar of Dithmenos.
    85 | D        | Found a stormy altar of Qazlal.
    86 | D        | Found an opulent altar of Gozag.
    87 | D        | Found a sacrificial altar of Ru.
   234 | D        | Noticed a hill giant
   234 | D        | Noticed an ice beast
   234 | D        | Noticed a wraith
   234 | D        | Noticed an ogre
   235 | D        | Killed an ogre
   235 | D        | Reached skill level 9 in Long Blades
   235 | D        | Reached skill level 5 in Armour
   235 | D        | Reached XP level 5. HP: 49/51 MP: 5/5
   243 | D        | Killed an unseen horror
   243 | D        | Acquired Makhleb's first power
   243 | D        | Reached skill level 13 in Long Blades
   243 | D        | Reached XP level 6. HP: 47/58 MP: 6/6
   243 | D        | Reached XP level 7. HP: 51/64 MP: 7/7
   250 | D        | Killed a wraith
   250 | D        | Reached skill level 14 in Long Blades
   256 | D        | Killed an ice beast
   256 | D        | Acquired Makhleb's second power
   256 | D        | Reached XP level 8. HP: 54/71 MP: 8/8
   263 | D        | Killed a hill giant
   409 | D        | Noticed a centaur warrior
   409 | D        | Noticed a manticore
   409 | D        | Noticed a slime creature
   409 | D        | Noticed a scorpion
   409 | D        | Noticed a wraith
   417 | D        | Killed a wraith
   417 | D        | Reached skill level 10 in Invocations
   419 | D        | Killed a scorpion
   419 | D        | Acquired Makhleb's third power
   427 | D        | Killed a slime creature
   427 | D        | Reached XP level 9. HP: 67/78 MP: 21/24
   433 | D        | Killed a manticore
   445 | D        | Killed a centaur warrior
   445 | D        | Acquired Makhleb's fourth power
   445 | D        | Reached skill level 15 in Long Blades
   801 | D        | Noticed a griffon
   801 | D        | Noticed a water moccasin
   801 | D        | Noticed a wolf
   801 | D        | Noticed a spiny frog
   801 | D        | Noticed a crocodile
   801 | D        | Noticed a komodo dragon
   801 | D        | Noticed a water moccasin
   805 | D        | Noticed a wolf
   806 | D        | Killed a water moccasin
   812 | D        | Noticed a seven-headed hydra
   814 | D        | Killed a komodo dragon
   819 | D        | Killed a crocodile
   819 | D        | Reached skill level 5 in Shields
   822 | D        | Killed a spiny frog
   822 | D        | Reached skill level 16 in Long Blades
   822 | D        | Reached XP level 10. HP: 80/96 MP: 25/25
   832 | D        | Killed a wolf
   832 | D        | Acquired Makhleb's fifth power
   835 | D        | Killed a water moccasin
   842 | D        | Killed a griffon
   849 | D        | Killed a wolf
   858 | D        | Killed a one-headed hydra
   858 | D        | Reached skill level 10 in Shields
   937 | D        | Noticed a crocodile
   937 | D        | Noticed a spiny frog
   937 | D        | Noticed a death yak
   937 | D        | Noticed a giant frog
   937 | D        | Noticed a yak
   937 | D        | Noticed an iguana
   937 | D        | Noticed a crocodile
   944 | D        | Noticed a porcupine
   945 | D        | Killed a crocodile
   945 | D        | Reached skill level 10 in Armour
   948 | D        | Killed an iguana
   951 | D        | Noticed a komodo dragon
   954 | D        | Killed a yak
   959 | D        | Killed a giant frog
   972 | D        | Killed a death yak
   972 | D        | Reached skill level 17 in Long Blades
   976 | D        | Killed a spiny frog
   979 | D        | Killed a crocodile
   980 | D        | Killed a porcupine
   994 | D        | Killed a komodo dragon
  1042 | D        | Noticed a death yak
  1042 | D        | Noticed a yak
  1042 | D        | Noticed a catoblepas
  1042 | D        | Noticed a death yak
  1042 | D        | Noticed a death yak
  1042 | D        | Noticed a death yak
  1042 | D        | Noticed a death yak
  1044 | D        | Noticed a death yak
  1048 | D        | Killed a death yak
  1048 | D        | Reached XP level 11. HP: 92/107 MP: 27/27
  1051 | D        | Killed a death yak
  1053 | D        | Killed a death yak
  1053 | D        | Reached skill level 18 in Long Blades
  1056 | D        | Killed a death yak
  1076 | D        | Killed a catoblepas
  1086 | D        | Noticed a cacodemon
  1089 | D        | Killed a yak
  1097 | D        | HP: 1/111 [death yak (21)]
  1098 | D        | Killed a death yak
  1098 | D        | Reached skill level 15 in Fighting
  1100 | D        | Killed a death yak
  1101 | D        | Blown up by a cacodemon

Action                   |  1- 3 |  4- 6 |  7- 9 | 10-12 || total
-------------------------+-------+-------+-------+-------++-------
Melee: Long sword        |    39 |       |       |       ||    39
       Scimitar          |       |     7 |    73 |   103 ||   183
Invok: Greater Servant o |       |       |       |     4 ||     4
Evoke: Wand              |       |     1 |       |       ||     1
  Use: Potion            |     3 |       |     1 |       ||     4
       Scroll            |       |       |       |     1 ||     1
  Eat: Chunk             |       |       |       |     1 ||     1
